 Dungeon Crawl Stone Soup version 0.25.0-10-g039870ee82 (console) character file.

Game seed: 7513920181247781086

340 bli the Skirmisher (level 6, -10/58 HPs)
             Began as a Draconian Monk on June 23, 2020.
             Killed by divine providence
             ... invoked by an orc priest
              (15 damage)
             ... on level 3 of the Dungeon.
             The game lasted 00:09:00 (2619 turns).

bli the Skirmisher (Draconian Monk)                 Turns: 2619, Time: 00:09:00

Health: -10/58     AC:  6    Str: 13    XL:     6   Next: 30%
Magic:  6/6        EV: 15    Int: 10    God:
Gold:   73         SH:  0    Dex: 16    Spells: 5/5 levels left

rFire    + . .     SeeInvis .   a - +0 short sword
rCold    x . .     Gourm    .   (no shield)
rNeg     . . .     Faith    .   (armour unavailable)
rPois    .         Spirit   .   (helmet restricted)
rElec    .         Reflect  .   (no cloak)
rCorr    .         Harm     .   (no gloves)
MR       .....                  (no boots)
Stlth    ++........             (no amulet)
HPRegen  0.19/turn              h - ring of fire
MPRegen  0.10/turn              (no ring)

@: brilliant
A: unfitting armour, cold-blooded, AC +6
a: no special abilities


You were on level 3 of the Dungeon.
You were not hungry.

You visited 1 branch of the dungeon, and saw 3 of its levels.

You collected 73 gold pieces.

Inventory:

Hand Weapons
 a - a +0 short sword (weapon)
Missiles
 g - 7 boomerangs
 j - 5 poisoned darts (quivered)
 p - a throwing net
Jewellery
 h - a ring of fire (left hand)
Wands
 c - a wand of clouds (6)
 d - a wand of flame (12)
Scrolls
 e - 7 scrolls of remove curse {unknown}
 f - 4 scrolls of identify {unknown}
 k - 2 scrolls of teleportation {unknown}
 o - a scroll of magic mapping {unknown}
 q - a scroll of enchant weapon {unknown}
 r - a scroll of amnesia {unknown}
 s - a scroll of fog {unknown}
 t - 3 scrolls of enchant armour {unknown}
 v - a scroll of noise {unknown}
Potions
 i - a potion of might {unknown}
 l - a potion of brilliance
 m - a potion of flight {unknown}
 u - a potion of cancellation {unknown}
Comestibles
 b - 7 rations
 n - 2 chunks of flesh


   Skills:
 * Level 6.5 Fighting
 - Level 3.0 Short Blades
 + Level 4.4 Dodging
 - Level 1.7 Stealth


You had 5 spell levels left.
You didn't know any spells.
Your spell library was empty.

Dungeon Overview and Level Annotations

Branches:
Dungeon (3/15)

Altars:
Cheibriados
Dithmenos

Annotations:
D:3 2 transporters


Innate Abilities, Weirdness & Mutations

Your plain brown scales are hard. (AC +6)
You cannot fit into any form of body armour.
You are cold-blooded and may be slowed by cold attacks.


Message History

The poisoned dart barely misses the orc priest.
The orc priest hits you with a +0 flail.
* * * LOW HITPOINT WARNING * * *
You hit the orc priest.
The orc priest is severely wounded.
The orc priest closely misses you.
It was a potion of brilliance.
You feel clever all of a sudden.
The orc priest hits you with a +0 flail!
* * * LOW HITPOINT WARNING * * *
Throwing (i - inventory. (/) - cycle)
j - 6 poisoned darts (quivered)
Press: ? - help, Shift-Dir - straight line, f/p - orc priest
Aim: an orc priest, wielding a +0 flail (severely wounded)
You throw a poisoned dart.
The poisoned dart closely misses the orc priest.
You hit the orc priest. You tail-slap the orc priest.
The orc priest is severely wounded.
The orc priest calls down the wrath of Beogh upon you.
Beogh smites you!
You die...

#############....##........+.....
.....#...'........#......###.....
.....#...####.....#......# #....<
.^...#...#........#.####+# #.....
##########.######.#.# #.....
..................#.# . ######
.##....)....#####.#.+ ...
<......)..........###........%.
.##.#####......................
.#......#.....#######..........
.########.......@o(##..........
..........#.#.####g##....o.....
.................#.##...o).....
.#############.#.#g##..o..!.#####
.# .........#.#(##...(...#<... .#
########.#.#.##.......#.### .#
#.#............#.# .#
######.#.############.# .#
...................# #.#
.###############.######.#####.#
.................# #.......#


You could see an orc priest and a goblin.

Vanquished Creatures
  Sigmund (D:2)
  An orc priest (D:3)
  A gnoll (D:1)
  4 adders
  3 oozes
  4 worms
  2 dart slugs
  4 orcs (D:3)
  A ball python (D:3)
  12 bats
  2 giant cockroaches (D:2)
  7 hobgoblins
  4 jackals (D:3)
  2 quokkas (D:2)
  10 frilled lizards
  6 goblins
  8 kobolds
  10 rats
82 creatures vanquished.

Notes
Turn   | Place    | Note
-------+----------+-------------------------------------------
     0 | D:1      | bli the Draconian Monk began the quest for the Orb.
     0 | D:1      | Reached XP level 1. HP: 19/19 MP: 1/1
   163 | D:1      | Reached XP level 2. HP: 27/27 MP: 2/2
   261 | D:1      | Reached skill level 4 in Fighting
   522 | D:1      | Reached XP level 3. HP: 33/33 MP: 3/3
  1106 | D:2      | Noticed Sigmund
  1114 | D:2      | Reached XP level 4. HP: 35/41 MP: 4/4
  1141 | D:2      | Killed Sigmund
  1141 | D:2      | Reached skill level 6 in Fighting
  1141 | D:2      | Reached XP level 5. HP: 7/50 MP: 5/5
  1457 | D:2      | Found a shadowy altar of Dithmenos.
  1540 | D:2      | Found a snail-covered altar of Cheibriados.
  1953 | D:3      | Reached XP level 6. HP: 57/57 MP: 6/6
  2046 | D:3      | Found a transporter.
  2135 | D:3      | Found a transporter.
  2619 | D:3      | Killed from afar by an orc priest

Illustrated notes

Levels and vault maps discovered:
D:1:      dpeg_arrival_connections, layout_loops_ring, minmay_lizard_pond
D:2:      minmay_skewed_foursquare, layout_basic, cheibriados_altar_1,
          first_ration, hangedman_decor_growths,
          nicolae_dithmenos_shadow_blocks, uniq_sigmund
D:3:      gammafunk_steamed_eel, layout_basic, lemuel_round_altar,
          uniq_crazy_yiuf_cottage

Skill      XL: |  1  2  3  4 |
---------------+-------------+-----
Fighting       | 4 6 |  6.5
Dodging        | 3 4 |  4.4
Short Blades   | |  3.0
Stealth        | |  1.7

Action                   |  1- 3 |  4- 6 || total
-------------------------+-------+-------++-------
Melee: Short sword       |   104 |   199 ||   303
       Tailslap          |    12 |    30 ||    42
Throw: Boomerang         |     1 |     1 ||     2
       Dart              |       |    13 ||    13
  Use: Potion            |       |     2 ||     2
 Stab: Sleeping          |     5 |     5 ||    10
  Eat: Chunk             |     1 |     5 ||     6
Armor: Skin              |    26 |    61 ||    87
Dodge: Dodged            |    63 |   133 ||   196
